 Dungeon Crawl Stone Soup version 0.17-a0-1572-g7a1422d (webtiles) character file.

620 Chiseanne the Skirmisher (level 7, -1/56 HPs)
             Began as a Formicid Gladiator on July 25, 2015.
             Was a Follower of Qazlal.
             Killed from afar by Blork the orc (4 damage)
             ... with a magic dart
             ... on level 5 of the Dungeon.
             The game lasted 00:12:45 (4679 turns).

Chiseanne the Skirmisher (Formicid Gladiator)       Turns: 4679, Time: 00:12:45

Health: -1/56      AC: 12    Str: 19    XL:     7   Next: 75%
Magic:  7/7        EV: 14    Int:  9    God:    Qazlal [*.....]
Gold:   285        SH:  1    Dex: 17    Spells: 0 memorised, 6 levels left

rFire  . . .     SeeInvis +     a - +0 trident
rCold  . . .     Clarity  .     v - +0 chain mail
rNeg   . . .     SustAt   .     (no shield)
rPois  .         Gourm    .     (helmet unavailable)
rElec  .         Spirit   .     l - +1 cloak
rCorr  .         Warding  .     (no gloves)
rMut   .         Stasis   +     (no boots)
MR     .....                    (no amulet)
Stlth  ..........               k - ring of stealth
                                (no ring)

@: agile, not resistant to hostile enchantments, extremely unstealthy
A: permanent stasis, dig shafts and tunnels, four strong arms, antennae 3
a: Dig, Shaft Self, Renounce Religion


You were on level 5 of the Dungeon.
You worshipped Qazlal.
Qazlal was aware of your devotion.
You were not hungry.

You visited 1 branch of the dungeon, and saw 5 of its levels.

You collected 285 gold pieces.

Inventory:

Hand weapons
 a - a +0 trident (weapon)
 w - a +0 blowgun
 A - a +0 flail
 B - a +0 morningstar
Missiles
 f - 36 poisoned needles
 h - 18 bolts
 j - 47 arrows
 o - 2 throwing nets (quivered)
Armour
 l - a +1 cloak (worn)
 v - a +0 chain mail (worn)
 z - a +0 robe of the Archmagi
Jewellery
 g - an uncursed ring of magical power
 k - a ring of stealth (right hand)
Scrolls
 c - a scroll of enchant armour
 q - 3 scrolls of remove curse
Potions
 e - a potion of flight {unknown}
 r - a potion of beneficial mutation {unknown}
 s - a potion of invisibility {unknown}
 t - 2 potions of resistance {unknown}
 u - a potion of cancellation {unknown}
Books
 m - a book of the Sky

   Spells                             Type                      Level
   a - Summon Lightning Spire         Summoning/Air                4
   b - Airstrike                      Air                          4
   c - Silence                        Hexes/Air                    5
   d - Deflect Missiles               Charms/Air                   6
   e - Conjure Ball Lightning         Conjuration/Air              6
   f - Tornado                        Air                          9
 y - a book of Geomancy

   Spells                             Type                      Level
   a - Sandblast                      Earth                        1
   b - Stoneskin                      Transmutation/Earth          2
   c - Passwall                       Transmutation/Earth          3
   d - Stone Arrow                    Conjuration/Earth            3
   e - Petrify                        Transmutation/Earth          4
   f - Lee's Rapid Deconstruction     Earth                        5
Comestibles
 d - 2 bread rations
 n - 2 beef jerkies
 p - a meat ration
 x - a royal jelly


   Skills:
 * Level 5.4 Fighting
 + Level 0.0 Maces & Flails
 - Level 4.3 Polearms
 - Level 1.5 Throwing
 * Level 4.9 Armour
 + Level 3.6 Dodging


You had 6 spell levels left.
You didn't know any spells.

Dungeon Overview and Level Annotations

Branches:
Dungeon (5/15)             Temple (0/1) D:5

Altars:
Ashenzari
Qazlal

Annotations:
D:2 Sigmund
D:5 Blork the orc


Innate Abilities, Weirdness & Mutations

You are under a permanent stasis effect.
You can dig through walls and to a lower floor.
Your four strong arms can wield two-handed weapons with a shield.
You have a pair of large antennae on your head (SInv).


Message History

Blork the orc barely misses you.
Your chain mail prevents you from hitting Blork the orc.
Blork the orc is almost dead.
Blork the orc hits you with a long sword of electrocution.
* * * LOW HITPOINT WARNING * * *
You barely miss Blork the orc.
Blork the orc is almost dead.
Blork the orc points at you and mumbles some strange words.
The magic dart hits you!
Blork the orc hits you with a long sword of electrocution.
* * * LOW HITPOINT WARNING * * *
You barely miss Blork the orc.
Blork the orc is almost dead.
Blork the orc misses you.
You closely miss Blork the orc.
Blork the orc is almost dead.
Blork the orc closely misses you.
Blork the orc gestures at you while chanting.
The magic dart hits you!
You die...

####..# .## .......
..# ....... ..#
....... ..# ..... ..
#...#.# #....#
###o### #.@...#
###.###.# #.'.+>#.+
#. #.#.###.#.#### #.
#.#.....#....#####...
#.###+######.......#.
#.##.....#...#######.
#..........#.# #.
###.......##.### ##.


You could see Blork the orc (invisible).

Vanquished Creatures
  Duvessa (D:4)
  2 ogres (D:4)
  Dowan (D:4)
  A hound (D:5)
  A giant frog skeleton (D:5)
  Natasha (thrice) (D:2)
  2 orc wizards
  A hound skeleton (D:4)
  6 adders
  An ooze (D:1)
  3 worms
  2 giant geckos
  7 orcs
  2 ball pythons (D:1)
  7 giant cockroaches
  3 goblins
  14 hobgoblins
  2 jackals (D:1)
  8 kobolds
  2 quokkas (D:4)
  10 bats
  2 giant newts (D:2)
  A quokka skeleton (D:4)
  11 rats
93 creatures vanquished.

Notes
Turn   | Place    | Note
--------------------------------------------------------------
     0 | D:1      | Chiseanne the Formicid Gladiator began the quest for the Orb.
     0 | D:1      | Reached XP level 1. HP: 16/16 MP: 1/1
   195 | D:1      | Reached XP level 2. HP: 18/23 MP: 2/2
   277 | D:1      | Reached skill level 1 in Armour
   590 | D:1      | Reached XP level 3. HP: 23/28 MP: 3/3
  1276 | D:2      | Noticed Natasha
  1286 | D:2      | Killed Natasha
  1286 | D:2      | Reached XP level 4. HP: 33/35 MP: 4/4
  1416 | D:2      | Noticed Natasha
  1423 | D:2      | Found a shattered altar of Ashenzari.
  1429 | D:2      | Killed Natasha
  1465 | D:2      | Noticed Natasha
  1470 | D:2      | Killed Natasha
  1703 | D:2      | Reached XP level 5. HP: 8/41 MP: 5/5
  2204 | D:2      | Noticed Sigmund
  2218 | D:2      | You fall through a shaft for 2 floors!
  2347 | D:4      | Noticed an ogre
  2356 | D:4      | Killed an ogre
  2356 | D:4      | Reached skill level 4 in Fighting
  2356 | D:4      | Reached XP level 6. HP: 37/48 MP: 6/6
  2620 | D:3      | Noticed a water elemental
  2622 | D:3      | Found a stormy altar of Qazlal.
  2623 | D:3      | Noticed a fire elemental
  2623 | D:3      | Noticed an air elemental
  2628 | D:3      | Became a worshipper of Qazlal Stormbringer
  3796 | D:4      | Noticed Duvessa
  3799 | D:4      | Noticed Dowan
  3799 | D:4      | Acquired Qazlal's first power
  3821 | D:4      | Killed Duvessa
  3821 | D:4      | Reached XP level 7. HP: 33/55 MP: 7/7
  3835 | D:4      | Killed Dowan
  3835 | D:4      | Reached skill level 5 in Fighting
  4314 | D:5      | Entered Level 5 of the Dungeon
  4656 | D:5      | Found a staircase to the Ecumenical Temple.
  4659 | D:5      | Noticed Blork the orc
  4677 | D:5      | HP: 2/56 [Blork the orc/long sword of electrocution (5)]
  4679 | D:5      | Killed from afar by Blork the orc

Vault maps used:
D:1:      grunt_arrival_lava_bath
D:2:      evilmike_ruin_ashenzari, uniq_natasha, uniq_sigmund
D:3:      nicolae_qazlal_style_of_elements
D:4:      first_bread, kennysheep_cluttered_room, uniq_duvessa
D:5:      nicolae_overflow_crystal_walls, minmay_temple_entry_glassed_door,
          uniq_blork_the_orc, uniq_edmund, uniq_crazy_yiuf_cottage, uniq_grinder

Action                   |  1- 3 |  4- 6 |  7- 9 || total
-------------------------+-------+-------+-------++-------
Melee: Trident           |   112 |   208 |    80 ||   400
Throw: Throwing net      |       |     3 |       ||     3
 Abil: Shaft Self        |       |     1 |       ||     1
       Dig               |       |       |     1 ||     1
  Use: Scroll            |     7 |     4 |       ||    11
       Potion            |       |     2 |     4 ||     6
 Stab: Sleeping          |       |     3 |       ||     3
  Eat: Chunk             |       |    10 |     3 ||    13
